%YAML 1.1
%TAG !u! tag:unity3d.com,2011:
--- !u!1 &1585359853291623796
GameObject:
  m_ObjectHideFlags: 0
  m_CorrespondingSourceObject: {fileID: 0}
  m_PrefabInstance: {fileID: 0}
  m_PrefabAsset: {fileID: 0}
  serializedVersion: 6
  m_Component:
  - component: {fileID: 1585359853291623797}
  - component: {fileID: 1585359853291623794}
  m_Layer: 2
  m_Name: Sphere
  m_TagString: PowerUpEnemy
  m_Icon: {fileID: 0}
  m_NavMeshLayer: 0
  m_StaticEditorFlags: 0
  m_IsActive: 1
--- !u!4 &1585359853291623797
Transform:
  m_ObjectHideFlags: 0
  m_CorrespondingSourceObject: {fileID: 0}
  m_PrefabInstance: {fileID: 0}
  m_PrefabAsset: {fileID: 0}
  m_GameObject: {fileID: 1585359853291623796}
  m_LocalRotation: {x: 0, y: 0, z: 0, w: 1}
  m_LocalPosition: {x: 0, y: 0, z: 0}
  m_LocalScale: {x: 15, y: 15, z: 15}
  m_Children: []
  m_Father: {fileID: 1585359853937416119}
  m_RootOrder: 0
  m_LocalEulerAnglesHint: {x: 0, y: 0, z: 0}
--- !u!135 &1585359853291623794
SphereCollider:
  m_ObjectHideFlags: 0
  m_CorrespondingSourceObject: {fileID: 0}
  m_PrefabInstance: {fileID: 0}
  m_PrefabAsset: {fileID: 0}
  m_GameObject: {fileID: 1585359853291623796}
  m_Material: {fileID: 0}
  m_IsTrigger: 1
  m_Enabled: 1
  serializedVersion: 2
  m_Radius: 0.5
  m_Center: {x: 0, y: 0, z: 0}
--- !u!1 &1585359853937416120
GameObject:
  m_ObjectHideFlags: 0
  m_CorrespondingSourceObject: {fileID: 0}
  m_PrefabInstance: {fileID: 0}
  m_PrefabAsset: {fileID: 0}
  serializedVersion: 6
  m_Component:
  - component: {fileID: 1585359853937416119}
  - component: {fileID: 1585359853937416118}
  - component: {fileID: 1585359853937416121}
  m_Layer: 10
  m_Name: Frut
  m_TagString: Enemy
  m_Icon: {fileID: 0}
  m_NavMeshLayer: 0
  m_StaticEditorFlags: 0
  m_IsActive: 1
--- !u!4 &1585359853937416119
Transform:
  m_ObjectHideFlags: 0
  m_CorrespondingSourceObject: {fileID: 0}
  m_PrefabInstance: {fileID: 0}
  m_PrefabAsset: {fileID: 0}
  m_GameObject: {fileID: 1585359853937416120}
  m_LocalRotation: {x: 0, y: 0, z: 0, w: 1}
  m_LocalPosition: {x: 0, y: 0, z: 0}
  m_LocalScale: {x: 1, y: 1, z: 1}
  m_Children:
  - {fileID: 1585359853291623797}
  - {fileID: 8660459195212565670}
  - {fileID: 7207476101045180514}
  m_Father: {fileID: 0}
  m_RootOrder: 0
  m_LocalEulerAnglesHint: {x: 0, y: 0, z: 0}
--- !u!65 &1585359853937416118
BoxCollider:
  m_ObjectHideFlags: 0
  m_CorrespondingSourceObject: {fileID: 0}
  m_PrefabInstance: {fileID: 0}
  m_PrefabAsset: {fileID: 0}
  m_GameObject: {fileID: 1585359853937416120}
  m_Material: {fileID: 0}
  m_IsTrigger: 1
  m_Enabled: 1
  serializedVersion: 2
  m_Size: {x: 0.6, y: 0.8, z: 0.9}
  m_Center: {x: 0, y: 0.83, z: 0.33}
--- !u!114 &1585359853937416121
MonoBehaviour:
  m_ObjectHideFlags: 0
  m_CorrespondingSourceObject: {fileID: 0}
  m_PrefabInstance: {fileID: 0}
  m_PrefabAsset: {fileID: 0}
  m_GameObject: {fileID: 1585359853937416120}
  m_Enabled: 1
  m_EditorHideFlags: 0
  m_Script: {fileID: 11500000, guid: dddc7d4727ec44c4aa382c35159ea352, type: 3}
  m_Name: 
  m_EditorClassIdentifier: 
  manager: {fileID: 0}
  health: 30
--- !u!1 &5033612025003149354
GameObject:
  m_ObjectHideFlags: 0
  m_CorrespondingSourceObject: {fileID: 0}
  m_PrefabInstance: {fileID: 0}
  m_PrefabAsset: {fileID: 0}
  serializedVersion: 6
  m_Component:
  - component: {fileID: 7207476101045180514}
  m_Layer: 10
  m_Name: Edor
  m_TagString: Untagged
  m_Icon: {fileID: 0}
  m_NavMeshLayer: 0
  m_StaticEditorFlags: 0
  m_IsActive: 1
--- !u!4 &7207476101045180514
Transform:
  m_ObjectHideFlags: 0
  m_CorrespondingSourceObject: {fileID: 0}
  m_PrefabInstance: {fileID: 0}
  m_PrefabAsset: {fileID: 0}
  m_GameObject: {fileID: 5033612025003149354}
  m_LocalRotation: {x: 0, y: 0, z: 0, w: 1}
  m_LocalPosition: {x: 0, y: 0, z: 0}
  m_LocalScale: {x: 1, y: 1, z: 1}
  m_Children:
  - {fileID: 8865768360883933822}
  - {fileID: 6850503321037709973}
  - {fileID: 656120255300976122}
  - {fileID: 7715648650759369949}
  - {fileID: 7576261275197649622}
  - {fileID: 223533652674782150}
  m_Father: {fileID: 1585359853937416119}
  m_RootOrder: 2
  m_LocalEulerAnglesHint: {x: 0, y: 0, z: 0}
--- !u!1001 &777402316667523774
PrefabInstance:
  m_ObjectHideFlags: 0
  serializedVersion: 2
  m_Modification:
    m_TransformParent: {fileID: 7207476101045180514}
    m_Modifications:
    - target: {fileID: 8196667939704455375, guid: 370ff4abdd339ac45912c7f01c72874c,
        type: 3}
      propertyPath: m_Name
      value: Edor
      objectReference: {fileID: 0}
    - target: {fileID: 8196667939704455360, guid: 370ff4abdd339ac45912c7f01c72874c,
        type: 3}
      propertyPath: m_LocalPosition.x
      value: 0
      objectReference: {fileID: 0}
    - target: {fileID: 8196667939704455360, guid: 370ff4abdd339ac45912c7f01c72874c,
        type: 3}
      propertyPath: m_LocalPosition.y
      value: 0
      objectReference: {fileID: 0}
    - target: {fileID: 8196667939704455360, guid: 370ff4abdd339ac45912c7f01c72874c,
        type: 3}
      propertyPath: m_LocalPosition.z
      value: 0
      objectReference: {fileID: 0}
    - target: {fileID: 8196667939704455360, guid: 370ff4abdd339ac45912c7f01c72874c,
        type: 3}
      propertyPath: m_LocalRotation.x
      value: -0.7071068
      objectReference: {fileID: 0}
    - target: {fileID: 8196667939704455360, guid: 370ff4abdd339ac45912c7f01c72874c,
        type: 3}
      propertyPath: m_LocalRotation.y
      value: 0
      objectReference: {fileID: 0}
    - target: {fileID: 8196667939704455360, guid: 370ff4abdd339ac45912c7f01c72874c,
        type: 3}
      propertyPath: m_LocalRotation.z
      value: 0
      objectReference: {fileID: 0}
    - target: {fileID: 8196667939704455360, guid: 370ff4abdd339ac45912c7f01c72874c,
        type: 3}
      propertyPath: m_LocalRotation.w
      value: 0.7071068
      objectReference: {fileID: 0}
    - target: {fileID: 8196667939704455360, guid: 370ff4abdd339ac45912c7f01c72874c,
        type: 3}
      propertyPath: m_RootOrder
      value: 0
      objectReference: {fileID: 0}
    - target: {fileID: 8196667939704455360, guid: 370ff4abdd339ac45912c7f01c72874c,
        type: 3}
      propertyPath: m_LocalEulerAnglesHint.x
      value: -90
      objectReference: {fileID: 0}
    - target: {fileID: 8196667939704455360, guid: 370ff4abdd339ac45912c7f01c72874c,
        type: 3}
      propertyPath: m_LocalEulerAnglesHint.y
      value: 0
      objectReference: {fileID: 0}
    - target: {fileID: 8196667939704455360, guid: 370ff4abdd339ac45912c7f01c72874c,
        type: 3}
      propertyPath: m_LocalEulerAnglesHint.z
      value: 0
      objectReference: {fileID: 0}
    - target: {fileID: 8196667940705485649, guid: 370ff4abdd339ac45912c7f01c72874c,
        type: 3}
      propertyPath: m_IsActive
      value: 0
      objectReference: {fileID: 0}
    m_RemovedComponents: []
  m_SourcePrefab: {fileID: 100100000, guid: 370ff4abdd339ac45912c7f01c72874c, type: 3}
--- !u!4 &8865768360883933822 stripped
Transform:
  m_CorrespondingSourceObject: {fileID: 8196667939704455360, guid: 370ff4abdd339ac45912c7f01c72874c,
    type: 3}
  m_PrefabInstance: {fileID: 777402316667523774}
  m_PrefabAsset: {fileID: 0}
--- !u!1001 &1793597502765593110
PrefabInstance:
  m_ObjectHideFlags: 0
  serializedVersion: 2
  m_Modification:
    m_TransformParent: {fileID: 7207476101045180514}
    m_Modifications:
    - target: {fileID: 8196667939704455375, guid: 370ff4abdd339ac45912c7f01c72874c,
        type: 3}
      propertyPath: m_Name
      value: Edor (4)
      objectReference: {fileID: 0}
    - target: {fileID: 8196667939704455360, guid: 370ff4abdd339ac45912c7f01c72874c,
        type: 3}
      propertyPath: m_LocalPosition.x
      value: -1.21
      objectReference: {fileID: 0}
    - target: {fileID: 8196667939704455360, guid: 370ff4abdd339ac45912c7f01c72874c,
        type: 3}
      propertyPath: m_LocalPosition.y
      value: -0
      objectReference: {fileID: 0}
    - target: {fileID: 8196667939704455360, guid: 370ff4abdd339ac45912c7f01c72874c,
        type: 3}
      propertyPath: m_LocalPosition.z
      value: -1.88
      objectReference: {fileID: 0}
    - target: {fileID: 8196667939704455360, guid: 370ff4abdd339ac45912c7f01c72874c,
        type: 3}
      propertyPath: m_LocalRotation.x
      value: -0.7071068
      objectReference: {fileID: 0}
    - target: {fileID: 8196667939704455360, guid: 370ff4abdd339ac45912c7f01c72874c,
        type: 3}
      propertyPath: m_LocalRotation.y
      value: 0
      objectReference: {fileID: 0}
    - target: {fileID: 8196667939704455360, guid: 370ff4abdd339ac45912c7f01c72874c,
        type: 3}
      propertyPath: m_LocalRotation.z
      value: 0
      objectReference: {fileID: 0}
    - target: {fileID: 8196667939704455360, guid: 370ff4abdd339ac45912c7f01c72874c,
        type: 3}
      propertyPath: m_LocalRotation.w
      value: 0.7071068
      objectReference: {fileID: 0}
    - target: {fileID: 8196667939704455360, guid: 370ff4abdd339ac45912c7f01c72874c,
        type: 3}
      propertyPath: m_RootOrder
      value: 4
      objectReference: {fileID: 0}
    - target: {fileID: 8196667939704455360, guid: 370ff4abdd339ac45912c7f01c72874c,
        type: 3}
      propertyPath: m_LocalEulerAnglesHint.x
      value: -90
      objectReference: {fileID: 0}
    - target: {fileID: 8196667939704455360, guid: 370ff4abdd339ac45912c7f01c72874c,
        type: 3}
      propertyPath: m_LocalEulerAnglesHint.y
      value: 0
      objectReference: {fileID: 0}
    - target: {fileID: 8196667939704455360, guid: 370ff4abdd339ac45912c7f01c72874c,
        type: 3}
      propertyPath: m_LocalEulerAnglesHint.z
      value: 0
      objectReference: {fileID: 0}
    - target: {fileID: 8196667940705485649, guid: 370ff4abdd339ac45912c7f01c72874c,
        type: 3}
      propertyPath: m_IsActive
      value: 0
      objectReference: {fileID: 0}
    m_RemovedComponents: []
  m_SourcePrefab: {fileID: 100100000, guid: 370ff4abdd339ac45912c7f01c72874c, type: 3}
--- !u!4 &7576261275197649622 stripped
Transform:
  m_CorrespondingSourceObject: {fileID: 8196667939704455360, guid: 370ff4abdd339ac45912c7f01c72874c,
    type: 3}
  m_PrefabInstance: {fileID: 1793597502765593110}
  m_PrefabAsset: {fileID: 0}
--- !u!1001 &1932914510705800221
PrefabInstance:
  m_ObjectHideFlags: 0
  serializedVersion: 2
  m_Modification:
    m_TransformParent: {fileID: 7207476101045180514}
    m_Modifications:
    - target: {fileID: 8196667939704455375, guid: 370ff4abdd339ac45912c7f01c72874c,
        type: 3}
      propertyPath: m_Name
      value: Edor (3)
      objectReference: {fileID: 0}
    - target: {fileID: 8196667939704455360, guid: 370ff4abdd339ac45912c7f01c72874c,
        type: 3}
      propertyPath: m_LocalPosition.x
      value: -1.6
      objectReference: {fileID: 0}
    - target: {fileID: 8196667939704455360, guid: 370ff4abdd339ac45912c7f01c72874c,
        type: 3}
      propertyPath: m_LocalPosition.y
      value: 0
      objectReference: {fileID: 0}
    - target: {fileID: 8196667939704455360, guid: 370ff4abdd339ac45912c7f01c72874c,
        type: 3}
      propertyPath: m_LocalPosition.z
      value: 0.77
      objectReference: {fileID: 0}
    - target: {fileID: 8196667939704455360, guid: 370ff4abdd339ac45912c7f01c72874c,
        type: 3}
      propertyPath: m_LocalRotation.x
      value: -0.7071068
      objectReference: {fileID: 0}
    - target: {fileID: 8196667939704455360, guid: 370ff4abdd339ac45912c7f01c72874c,
        type: 3}
      propertyPath: m_LocalRotation.y
      value: 0
      objectReference: {fileID: 0}
    - target: {fileID: 8196667939704455360, guid: 370ff4abdd339ac45912c7f01c72874c,
        type: 3}
      propertyPath: m_LocalRotation.z
      value: 0
      objectReference: {fileID: 0}
    - target: {fileID: 8196667939704455360, guid: 370ff4abdd339ac45912c7f01c72874c,
        type: 3}
      propertyPath: m_LocalRotation.w
      value: 0.7071068
      objectReference: {fileID: 0}
    - target: {fileID: 8196667939704455360, guid: 370ff4abdd339ac45912c7f01c72874c,
        type: 3}
      propertyPath: m_RootOrder
      value: 3
      objectReference: {fileID: 0}
    - target: {fileID: 8196667939704455360, guid: 370ff4abdd339ac45912c7f01c72874c,
        type: 3}
      propertyPath: m_LocalEulerAnglesHint.x
      value: -90
      objectReference: {fileID: 0}
    - target: {fileID: 8196667939704455360, guid: 370ff4abdd339ac45912c7f01c72874c,
        type: 3}
      propertyPath: m_LocalEulerAnglesHint.y
      value: 0
      objectReference: {fileID: 0}
    - target: {fileID: 8196667939704455360, guid: 370ff4abdd339ac45912c7f01c72874c,
        type: 3}
      propertyPath: m_LocalEulerAnglesHint.z
      value: 0
      objectReference: {fileID: 0}
    - target: {fileID: 8196667940705485649, guid: 370ff4abdd339ac45912c7f01c72874c,
        type: 3}
      propertyPath: m_IsActive
      value: 0
      objectReference: {fileID: 0}
    m_RemovedComponents: []
  m_SourcePrefab: {fileID: 100100000, guid: 370ff4abdd339ac45912c7f01c72874c, type: 3}
--- !u!4 &7715648650759369949 stripped
Transform:
  m_CorrespondingSourceObject: {fileID: 8196667939704455360, guid: 370ff4abdd339ac45912c7f01c72874c,
    type: 3}
  m_PrefabInstance: {fileID: 1932914510705800221}
  m_PrefabAsset: {fileID: 0}
--- !u!1001 &3373629782154338901
PrefabInstance:
  m_ObjectHideFlags: 0
  serializedVersion: 2
  m_Modification:
    m_TransformParent: {fileID: 7207476101045180514}
    m_Modifications:
    - target: {fileID: 8196667939704455375, guid: 370ff4abdd339ac45912c7f01c72874c,
        type: 3}
      propertyPath: m_Name
      value: Edor (1)
      objectReference: {fileID: 0}
    - target: {fileID: 8196667939704455360, guid: 370ff4abdd339ac45912c7f01c72874c,
        type: 3}
      propertyPath: m_LocalPosition.x
      value: 0
      objectReference: {fileID: 0}
    - target: {fileID: 8196667939704455360, guid: 370ff4abdd339ac45912c7f01c72874c,
        type: 3}
      propertyPath: m_LocalPosition.y
      value: 0
      objectReference: {fileID: 0}
    - target: {fileID: 8196667939704455360, guid: 370ff4abdd339ac45912c7f01c72874c,
        type: 3}
      propertyPath: m_LocalPosition.z
      value: 0
      objectReference: {fileID: 0}
    - target: {fileID: 8196667939704455360, guid: 370ff4abdd339ac45912c7f01c72874c,
        type: 3}
      propertyPath: m_LocalRotation.x
      value: -0.6329479
      objectReference: {fileID: 0}
    - target: {fileID: 8196667939704455360, guid: 370ff4abdd339ac45912c7f01c72874c,
        type: 3}
      propertyPath: m_LocalRotation.y
      value: 0.3152411
      objectReference: {fileID: 0}
    - target: {fileID: 8196667939704455360, guid: 370ff4abdd339ac45912c7f01c72874c,
        type: 3}
      propertyPath: m_LocalRotation.z
      value: 0.31524104
      objectReference: {fileID: 0}
    - target: {fileID: 8196667939704455360, guid: 370ff4abdd339ac45912c7f01c72874c,
        type: 3}
      propertyPath: m_LocalRotation.w
      value: 0.6329479
      objectReference: {fileID: 0}
    - target: {fileID: 8196667939704455360, guid: 370ff4abdd339ac45912c7f01c72874c,
        type: 3}
      propertyPath: m_RootOrder
      value: 1
      objectReference: {fileID: 0}
    - target: {fileID: 8196667939704455360, guid: 370ff4abdd339ac45912c7f01c72874c,
        type: 3}
      propertyPath: m_LocalEulerAnglesHint.x
      value: -90.00001
      objectReference: {fileID: 0}
    - target: {fileID: 8196667939704455360, guid: 370ff4abdd339ac45912c7f01c72874c,
        type: 3}
      propertyPath: m_LocalEulerAnglesHint.y
      value: 0
      objectReference: {fileID: 0}
    - target: {fileID: 8196667939704455360, guid: 370ff4abdd339ac45912c7f01c72874c,
        type: 3}
      propertyPath: m_LocalEulerAnglesHint.z
      value: 52.951004
      objectReference: {fileID: 0}
    - target: {fileID: 8196667940705485649, guid: 370ff4abdd339ac45912c7f01c72874c,
        type: 3}
      propertyPath: m_IsActive
      value: 0
      objectReference: {fileID: 0}
    m_RemovedComponents: []
  m_SourcePrefab: {fileID: 100100000, guid: 370ff4abdd339ac45912c7f01c72874c, type: 3}
--- !u!4 &6850503321037709973 stripped
Transform:
  m_CorrespondingSourceObject: {fileID: 8196667939704455360, guid: 370ff4abdd339ac45912c7f01c72874c,
    type: 3}
  m_PrefabInstance: {fileID: 3373629782154338901}
  m_PrefabAsset: {fileID: 0}
--- !u!1001 &8276011635801088774
PrefabInstance:
  m_ObjectHideFlags: 0
  serializedVersion: 2
  m_Modification:
    m_TransformParent: {fileID: 7207476101045180514}
    m_Modifications:
    - target: {fileID: 8196667939704455375, guid: 370ff4abdd339ac45912c7f01c72874c,
        type: 3}
      propertyPath: m_Name
      value: Edor (5)
      objectReference: {fileID: 0}
    - target: {fileID: 8196667939704455360, guid: 370ff4abdd339ac45912c7f01c72874c,
        type: 3}
      propertyPath: m_LocalPosition.x
      value: 1.17
      objectReference: {fileID: 0}
    - target: {fileID: 8196667939704455360, guid: 370ff4abdd339ac45912c7f01c72874c,
        type: 3}
      propertyPath: m_LocalPosition.y
      value: 0
      objectReference: {fileID: 0}
    - target: {fileID: 8196667939704455360, guid: 370ff4abdd339ac45912c7f01c72874c,
        type: 3}
      propertyPath: m_LocalPosition.z
      value: -1.98
      objectReference: {fileID: 0}
    - target: {fileID: 8196667939704455360, guid: 370ff4abdd339ac45912c7f01c72874c,
        type: 3}
      propertyPath: m_LocalRotation.x
      value: -0.7071068
      objectReference: {fileID: 0}
    - target: {fileID: 8196667939704455360, guid: 370ff4abdd339ac45912c7f01c72874c,
        type: 3}
      propertyPath: m_LocalRotation.y
      value: 0
      objectReference: {fileID: 0}
    - target: {fileID: 8196667939704455360, guid: 370ff4abdd339ac45912c7f01c72874c,
        type: 3}
      propertyPath: m_LocalRotation.z
      value: 0
      objectReference: {fileID: 0}
    - target: {fileID: 8196667939704455360, guid: 370ff4abdd339ac45912c7f01c72874c,
        type: 3}
      propertyPath: m_LocalRotation.w
      value: 0.7071068
      objectReference: {fileID: 0}
    - target: {fileID: 8196667939704455360, guid: 370ff4abdd339ac45912c7f01c72874c,
        type: 3}
      propertyPath: m_RootOrder
      value: 5
      objectReference: {fileID: 0}
    - target: {fileID: 8196667939704455360, guid: 370ff4abdd339ac45912c7f01c72874c,
        type: 3}
      propertyPath: m_LocalEulerAnglesHint.x
      value: -90
      objectReference: {fileID: 0}
    - target: {fileID: 8196667939704455360, guid: 370ff4abdd339ac45912c7f01c72874c,
        type: 3}
      propertyPath: m_LocalEulerAnglesHint.y
      value: 0
      objectReference: {fileID: 0}
    - target: {fileID: 8196667939704455360, guid: 370ff4abdd339ac45912c7f01c72874c,
        type: 3}
      propertyPath: m_LocalEulerAnglesHint.z
      value: 0
      objectReference: {fileID: 0}
    - target: {fileID: 8196667940705485649, guid: 370ff4abdd339ac45912c7f01c72874c,
        type: 3}
      propertyPath: m_IsActive
      value: 0
      objectReference: {fileID: 0}
    m_RemovedComponents: []
  m_SourcePrefab: {fileID: 100100000, guid: 370ff4abdd339ac45912c7f01c72874c, type: 3}
--- !u!4 &223533652674782150 stripped
Transform:
  m_CorrespondingSourceObject: {fileID: 8196667939704455360, guid: 370ff4abdd339ac45912c7f01c72874c,
    type: 3}
  m_PrefabInstance: {fileID: 8276011635801088774}
  m_PrefabAsset: {fileID: 0}
--- !u!1001 &8660459195212961316
PrefabInstance:
  m_ObjectHideFlags: 0
  serializedVersion: 2
  m_Modification:
    m_TransformParent: {fileID: 1585359853937416119}
    m_Modifications:
    - target: {fileID: 100002, guid: 664eb762a0cc3db49bbdd4a8e208ae46, type: 3}
      propertyPath: m_Name
      value: FrutaOtaku
      objectReference: {fileID: 0}
    - target: {fileID: 100002, guid: 664eb762a0cc3db49bbdd4a8e208ae46, type: 3}
      propertyPath: m_Layer
      value: 12
      objectReference: {fileID: 0}
    - target: {fileID: 100000, guid: 664eb762a0cc3db49bbdd4a8e208ae46, type: 3}
      propertyPath: m_Layer
      value: 12
      objectReference: {fileID: 0}
    - target: {fileID: 400002, guid: 664eb762a0cc3db49bbdd4a8e208ae46, type: 3}
      propertyPath: m_LocalPosition.x
      value: -0
      objectReference: {fileID: 0}
    - target: {fileID: 400002, guid: 664eb762a0cc3db49bbdd4a8e208ae46, type: 3}
      propertyPath: m_LocalPosition.y
      value: 0.591
      objectReference: {fileID: 0}
    - target: {fileID: 400002, guid: 664eb762a0cc3db49bbdd4a8e208ae46, type: 3}
      propertyPath: m_LocalPosition.z
      value: 0
      objectReference: {fileID: 0}
    - target: {fileID: 400002, guid: 664eb762a0cc3db49bbdd4a8e208ae46, type: 3}
      propertyPath: m_LocalRotation.x
      value: 0
      objectReference: {fileID: 0}
    - target: {fileID: 400002, guid: 664eb762a0cc3db49bbdd4a8e208ae46, type: 3}
      propertyPath: m_LocalRotation.y
      value: -0
      objectReference: {fileID: 0}
    - target: {fileID: 400002, guid: 664eb762a0cc3db49bbdd4a8e208ae46, type: 3}
      propertyPath: m_LocalRotation.z
      value: -0
      objectReference: {fileID: 0}
    - target: {fileID: 400002, guid: 664eb762a0cc3db49bbdd4a8e208ae46, type: 3}
      propertyPath: m_LocalRotation.w
      value: 1
      objectReference: {fileID: 0}
    - target: {fileID: 400002, guid: 664eb762a0cc3db49bbdd4a8e208ae46, type: 3}
      propertyPath: m_RootOrder
      value: 1
      objectReference: {fileID: 0}
    - target: {fileID: 400002, guid: 664eb762a0cc3db49bbdd4a8e208ae46, type: 3}
      propertyPath: m_LocalEulerAnglesHint.x
      value: 0
      objectReference: {fileID: 0}
    - target: {fileID: 400002, guid: 664eb762a0cc3db49bbdd4a8e208ae46, type: 3}
      propertyPath: m_LocalEulerAnglesHint.y
      value: 0
      objectReference: {fileID: 0}
    - target: {fileID: 400002, guid: 664eb762a0cc3db49bbdd4a8e208ae46, type: 3}
      propertyPath: m_LocalEulerAnglesHint.z
      value: 0
      objectReference: {fileID: 0}
    - target: {fileID: 2300000, guid: 664eb762a0cc3db49bbdd4a8e208ae46, type: 3}
      propertyPath: m_Materials.Array.data[0]
      value: 
      objectReference: {fileID: 2100000, guid: 4e3c9ca7fdb676b43933664852d1b8e4, type: 2}
    m_RemovedComponents: []
  m_SourcePrefab: {fileID: 100100000, guid: 664eb762a0cc3db49bbdd4a8e208ae46, type: 3}
--- !u!4 &8660459195212565670 stripped
Transform:
  m_CorrespondingSourceObject: {fileID: 400002, guid: 664eb762a0cc3db49bbdd4a8e208ae46,
    type: 3}
  m_PrefabInstance: {fileID: 8660459195212961316}
  m_PrefabAsset: {fileID: 0}
--- !u!1001 &8708673006287584570
PrefabInstance:
  m_ObjectHideFlags: 0
  serializedVersion: 2
  m_Modification:
    m_TransformParent: {fileID: 7207476101045180514}
    m_Modifications:
    - target: {fileID: 8196667939704455375, guid: 370ff4abdd339ac45912c7f01c72874c,
        type: 3}
      propertyPath: m_Name
      value: Edor (2)
      objectReference: {fileID: 0}
    - target: {fileID: 8196667939704455360, guid: 370ff4abdd339ac45912c7f01c72874c,
        type: 3}
      propertyPath: m_LocalPosition.x
      value: 1.13
      objectReference: {fileID: 0}
    - target: {fileID: 8196667939704455360, guid: 370ff4abdd339ac45912c7f01c72874c,
        type: 3}
      propertyPath: m_LocalPosition.y
      value: 0
      objectReference: {fileID: 0}
    - target: {fileID: 8196667939704455360, guid: 370ff4abdd339ac45912c7f01c72874c,
        type: 3}
      propertyPath: m_LocalPosition.z
      value: 0.74
      objectReference: {fileID: 0}
    - target: {fileID: 8196667939704455360, guid: 370ff4abdd339ac45912c7f01c72874c,
        type: 3}
      propertyPath: m_LocalRotation.x
      value: -0.7071068
      objectReference: {fileID: 0}
    - target: {fileID: 8196667939704455360, guid: 370ff4abdd339ac45912c7f01c72874c,
        type: 3}
      propertyPath: m_LocalRotation.y
      value: 0
      objectReference: {fileID: 0}
    - target: {fileID: 8196667939704455360, guid: 370ff4abdd339ac45912c7f01c72874c,
        type: 3}
      propertyPath: m_LocalRotation.z
      value: 0
      objectReference: {fileID: 0}
    - target: {fileID: 8196667939704455360, guid: 370ff4abdd339ac45912c7f01c72874c,
        type: 3}
      propertyPath: m_LocalRotation.w
      value: 0.7071068
      objectReference: {fileID: 0}
    - target: {fileID: 8196667939704455360, guid: 370ff4abdd339ac45912c7f01c72874c,
        type: 3}
      propertyPath: m_RootOrder
      value: 2
      objectReference: {fileID: 0}
    - target: {fileID: 8196667939704455360, guid: 370ff4abdd339ac45912c7f01c72874c,
        type: 3}
      propertyPath: m_LocalEulerAnglesHint.x
      value: -90
      objectReference: {fileID: 0}
    - target: {fileID: 8196667939704455360, guid: 370ff4abdd339ac45912c7f01c72874c,
        type: 3}
      propertyPath: m_LocalEulerAnglesHint.y
      value: 0
      objectReference: {fileID: 0}
    - target: {fileID: 8196667939704455360, guid: 370ff4abdd339ac45912c7f01c72874c,
        type: 3}
      propertyPath: m_LocalEulerAnglesHint.z
      value: 0
      objectReference: {fileID: 0}
    - target: {fileID: 8196667940705485649, guid: 370ff4abdd339ac45912c7f01c72874c,
        type: 3}
      propertyPath: m_IsActive
      value: 0
      objectReference: {fileID: 0}
    m_RemovedComponents: []
  m_SourcePrefab: {fileID: 100100000, guid: 370ff4abdd339ac45912c7f01c72874c, type: 3}
--- !u!4 &656120255300976122 stripped
Transform:
  m_CorrespondingSourceObject: {fileID: 8196667939704455360, guid: 370ff4abdd339ac45912c7f01c72874c,
    type: 3}
  m_PrefabInstance: {fileID: 8708673006287584570}
  m_PrefabAsset: {fileID: 0}
